 Dungeon Crawl Stone Soup version 0.27.1-2-g3b301248ec (webtiles) character file.

Game seed: 16980749692728211634

2403 Rickety the Magician (level 9, 0/56 (65) HPs)
             Began as a Gnoll Venom Mage on Sept 25, 2021.
             Was an Initiate of Sif Muna.
             Slain by a wight (1 damage)
             ... on level 6 of the Dungeon.
             The game lasted 00:25:40 (11202 turns).

Rickety the Magician (Gnoll Venom Mage)            Turns: 11202, Time: 00:25:41

HP:   0/56 (65)     AC:  6    Str: 13    XL:     9   Next: 47%
MP:   16/19         EV: 13    Int: 25    God:    Sif Muna [......]
Gold: 277           SH:  0    Dex: 12    Spells: 8/21 levels left

rFire    . . .     SeeInvis .   a - +2 hand axe (flame)
rCold    . . .     Faith    +   (no shield)
rNeg     . . .     Spirit   .   w - +1 leather armour {rPois}
rPois    +         Reflect  .   (no helmet)
rElec    .         Harm     .   (no cloak)
rCorr    .         Rampage  .   n - +0 pair of gloves
Will     .....                  z - +0 pair of boots
Stlth    +++.......             C - amulet of faith
HPRegen  0.18/turn              s - +6 ring of intelligence
MPRegen  0.16/turn              t - +6 ring of strength

@: swift, heavily drained, very quick
A: fangs 1, strong nose, distributed training
a: Renounce Religion


You were on level 6 of the Dungeon.
You worshipped Sif Muna.
Sif Muna was noncommittal.
You visited 2 branches of the dungeon, and saw 8 of its levels.
You also visited: Sewer.

You collected 387 gold pieces.
You spent 110 gold pieces at shops.

Inventory:

Hand Weapons
 a - a +2 hand axe of flaming (weapon)
 b - a +0 dagger of venom
Missiles
 r - 2 throwing nets
Armour
 n - a +0 pair of gloves (worn)
 w - a +1 leather armour of poison resistance (worn)
 z - a +0 pair of boots (worn)
Magical Staves
 d - a staff of death
Jewellery
 s - a +6 ring of intelligence (left hand)
 t - a +6 ring of strength (right hand)
 C - an amulet of faith (around neck)
Wands
 x - a wand of paralysis (9)
 y - a wand of iceblast (9)
Scrolls
 e - 3 scrolls of identify {unknown}
 f - 3 scrolls of fear {unknown}
 g - a scroll of blinking {unknown}
 m - a scroll of silence {unknown}
 p - 2 scrolls of magic mapping {unknown}
 q - a scroll of fog {unknown}
 u - a scroll of noise {unknown}
 v - a scroll of holy word {unknown}
 A - a scroll of acquirement {unknown}
 B - a scroll of brand weapon {unknown}
Potions
 h - 2 potions of magic {unknown}
 i - 2 potions of degeneration {unknown}
 j - a potion of ambrosia {unknown}
 k - a potion of flight {unknown}
 l - 5 potions of curing {unknown}
 o - 2 potions of brilliance {unknown}


   Skills:
 + Level 4.2 Fighting
 + Level 4.2 Short Blades
 + Level 4.2 Long Blades
 + Level 4.2 Axes
 + Level 4.2 Maces & Flails
 + Level 4.2 Polearms
 + Level 4.2 Staves
 + Level 4.2 Slings
 + Level 4.2 Bows
 + Level 4.2 Crossbows
 + Level 4.2 Throwing
 + Level 4.2 Armour
 + Level 6.3 Dodging
 + Level 6.0 Stealth
 + Level 4.2 Shields
 + Level 4.2 Unarmed Combat
 + Level 6.6 Spellcasting
 + Level 3.5 Conjurations
 + Level 3.5 Hexes
 + Level 3.5 Summonings
 + Level 3.5 Necromancy
 + Level 3.5 Translocations
 + Level 4.2 Transmutations
 + Level 3.5 Fire Magic
 + Level 3.5 Ice Magic
 + Level 3.5 Air Magic
 + Level 3.5 Earth Magic
 + Level 6.5 Poison Magic
 + Level 4.7 Invocations
 + Level 4.2 Evocations


You had 8 spell levels left.
You knew the following spells:

 Your Spells              Type           Power      Damage    Failure   Level
a - Sting                 Tmut/Pois      100%       1d8       1%          1
m - Mephitic Cloud        Conj/Pois/Air  31%        N/A       4%          3
v - Poisonous Vapours     Pois/Air       66%        N/A       1%          2
w - Swiftness             Air            25%        N/A       6%          3
x - Olgreb's Toxic Radia  Pois           41%        N/A       5%          4

Your spell library contained the following spells:

 Spells                   Type           Power      Damage    Failure   Level
 Animate Skeleton         Necr           50%        N/A       1%          1
 Magic Dart               Conj           100%       1d8       1%          1
 Pain                     Necr           100%       1d9       1%          1
 Passwall                 Tmut/Erth      22%        N/A       2%          2
 Call Imp                 Summ           25%        N/A       3%          2
 Searing Ray              Conj           50%        3d5       3%          2
 Vampiric Draining        Necr           12%        2d7       6%          3
 Fulminant Prism          Conj/Hex       12%        3d9       21%         4
 Invisibility             Hex            12%        N/A       97%         6


Dungeon Overview and Level Annotations

Branches:
Dungeon (7/15)             Temple (1/1) D:7           Sewer (visited)

Altars:
Ashenzari
Cheibriados
Dithmenos
Elyvilon
Gozag
Kikubaaqudgha
Makhleb
Okawaru
Qazlal
Ru
Sif Muna
Trog
Uskayaw
Vehumet
Wu Jian
Xom
Yredelemnul
Zin
The Shining One

Shops:
D:3 [   D:4 *


Innate Abilities, Weirdness & Mutations

You have very sharp teeth.
Your uncanny sense of smell can sniff out nearby items.
Your experience applies equally to all skills.


Message History

You closely miss the wight.
The wight is heavily damaged.
The wight hits you with a +0 flail.
You feel drained.
You are too injured to fight recklessly!
You are too injured to fight recklessly!
You are too injured to fight recklessly!
You are too injured to fight recklessly!
You hit the wight but do no damage.
The wight is heavily damaged.
The wight hits you with a +0 flail.
You feel drained.
You hit the wight. You burn the wight.
The wight is severely damaged.
The wight hits you with a +0 flail.
You feel drained.
* * * LOW HITPOINT WARNING * * *
You closely miss the wight.
The wight is severely damaged.
The wight closely misses you.
You hit the wight but do no damage.
The wight is severely damaged.
The wight hits you with a +0 flail!
* * * LOW HITPOINT WARNING * * *
You hit the wight. You burn the wight.
The wight is almost destroyed.
The wight barely misses you. x2
You closely miss the wight.
The wight is almost destroyed.
The wight hits you with a +0 flail.
* * * LOW HITPOINT WARNING * * *
You hit the wight but do no damage.
The wight is almost destroyed.
The wight closely misses you.
You hit the wight but do no damage.
The wight is almost destroyed.
The wight barely misses you.
Casting: Sting (safe; 1% risk of failure)
Confirm with . or Enter, or press ? or * to list all spells.
You feel quick. The wight hits you with a +0 flail.
* * * LOW HITPOINT WARNING * * *
You feel drained.
You die...

.......# #.......#....##.>...#..
.......# ##..♣..##..).#......#..
.......######≈≈≈###....#......#..
##'##.......#######....#......'..
....#........#...##....##.....#..
....#........#...##....##[....#..
....'........#...#......#.....#..
....#........#.z.#......#.....#..
....#........#..@##.....#.....#..
)...#........#...##..)..#.....#..
#...#........#..........#.....#..
#...#........#..........#.....#..
#...#........#..........#.....#..
#...#........############.....#..
#...#######.............#.....#..
#.........#...........<.#.....#..
#.........#.............#.....#..


You could see a wight.

Vanquished Creatures
  Prince Ribbit (D:7)
  A water moccasin (D:6)
  2 black bears
  A hornet zombie (D:7)
  5 ogres
  4 centaurs
  3 bullfrogs
  A gnoll sergeant (D:7)
  A scorpion (D:5)
  A wight (D:6)
  2 howler monkeys (D:5)
  2 bullfrog zombies (D:6)
  2 hounds
  A jelly (D:4)
  2 centaur skeletons
  An iguana (D:4)
  3 orc wizards
  A hound skeleton (D:4)
  8 gnolls
  A howler monkey skeleton (D:4)
  11 adders
  A white imp (D:6)
  3 adder skeletons (D:5)
  A worm (D:2)
  16 orcs
  19 endoplasms
  14 giant cockroaches
  9 goblins
  8 hobgoblins
  7 jackals
  5 kobolds
  18 quokkas
  21 ball pythons
  5 bats
  15 frilled lizards
  5 rats
201 creatures vanquished.

Notes
Turn   | Place    | Note
-------+----------+-------------------------------------------
     0 | D:1      | Rickety the Gnoll Venom Mage began the quest for the Orb.
     0 | D:1      | Reached XP level 1. HP: 13/13 MP: 6/6
   310 | D:1      | Reached XP level 2. HP: 19/19 MP: 4/7
   313 | D:1      | Learned a level 2 spell: Poisonous Vapours
   664 | D:1      | Found a faded altar of an unknown god.
  1000 | D:1      | Reached XP level 3. HP: 23/25 MP: 0/9
  1004 | D:1      | Learned a level 3 spell: Mephitic Cloud
  1168 | D:1      | Reached skill level 5 in Spellcasting
  1601 | D:2      | Reached skill level 1 in Invocations
  1735 | D:2      | Reached skill level 1 in Fighting
  1735 | D:2      | Reached skill level 1 in Short Blades
  1735 | D:2      | Reached skill level 1 in Long Blades
  1735 | D:2      | Reached skill level 1 in Axes
  1735 | D:2      | Reached skill level 1 in Maces & Flails
  1735 | D:2      | Reached skill level 1 in Polearms
  1735 | D:2      | Reached skill level 1 in Staves
  1735 | D:2      | Reached skill level 1 in Slings
  1735 | D:2      | Reached skill level 1 in Bows
  1735 | D:2      | Reached skill level 1 in Crossbows
  1735 | D:2      | Reached skill level 1 in Throwing
  1735 | D:2      | Reached skill level 1 in Armour
  1735 | D:2      | Reached skill level 1 in Shields
  1735 | D:2      | Reached skill level 1 in Unarmed Combat
  1735 | D:2      | Reached skill level 1 in Evocations
  1736 | D:2      | Reached XP level 4. HP: 22/32 MP: 0/11
  2361 | D:2      | Reached skill level 1 in Conjurations
  2361 | D:2      | Reached skill level 1 in Hexes
  2361 | D:2      | Reached skill level 1 in Summonings
  2361 | D:2      | Reached skill level 1 in Necromancy
  2361 | D:2      | Reached skill level 1 in Translocations
  2361 | D:2      | Reached skill level 1 in Fire Magic
  2361 | D:2      | Reached skill level 1 in Ice Magic
  2361 | D:2      | Reached skill level 1 in Air Magic
  2361 | D:2      | Reached skill level 1 in Earth Magic
  2483 | D:3      | Found Unet's Armour Shop.
  3132 | D:3      | Reached XP level 5. HP: 37/37 MP: 3/12
  3680 | D:4      | Found a glowing drain.
  3690 | Sewer    | Entered a sewer
  4623 | Sewer    | Reached XP level 6. HP: 40/44 MP: 3/13
  4828 | Sewer    | Reached skill level 5 in Dodging
  5425 | D:4      | Reached XP level 7. HP: 50/50 MP: 8/15
  5583 | D:4      | Found a shimmering altar of Xom.
  5584 | D:4      | Found an opulent altar of Gozag.
  6082 | D:4      | Found a sacrificial altar of Ru.
  6126 | D:3      | Bought a +1 leather armour of poison resistance for 110
                  | gold pieces
  6167 | D:4      | Found Hajuraf's Assorted Antiques.
  6511 | D:4      | Reached skill level 5 in Stealth
  6634 | D:4      | Found an ornate altar of the Wu Jian Council.
  6830 | D:5      | Entered Level 5 of the Dungeon
  7303 | D:5      | Reached XP level 8. HP: 48/57 MP: 1/16
  7603 | D:5      | Found a broken altar of Ashenzari.
  7603 | D:5      | Found a glowing golden altar of the Shining One.
  7844 | D:5      | Found a snail-covered altar of Cheibriados.
  8566 | D:6      | Learned a level 3 spell: Swiftness
  8571 | D:6      | Learned a level 4 spell: Olgreb's Toxic Radiance
  9076 | D:6      | Reached XP level 9. HP: 60/65 MP: 13/18
 10077 | D:7      | Noticed Prince Ribbit
 10079 | D:7      | Found a staircase to the Ecumenical Temple.
 10091 | Temple   | Entered the Ecumenical Temple
 10221 | Temple   | Became a worshipper of Sif Muna the Loreminder
 10500 | D:7      | Killed Prince Ribbit
 11202 | D:6      | HP: 1/57 [wight (3)]
 11202 | D:6      | Slain by a wight

Illustrated notes

Levels and vault maps discovered:
D:1:      co_arrival_square_in_a_square_in_a_square, layout_basic,
          hellmonk_ecumenical_altar_dog_temple
D:2:      layout_rooms
D:3:      layout_loops_ring, serial_shops, shop, nicolae_underground_beach
D:4:      kb_forest_paths, layout_basic, kennysheep_mini, lemuel_crystal_altar,
          gammafunk_temple_overflow_pools, serial_shops, nicolae_shop_trees,
          cheibrodos_sewer_entry_drain
D:5:      layout_cave_pools, jmf_multi_god_temple, mainiacjoe_overflow_alcove_1,
          kennysheep_generic_room_2
D:6:      layout_gridville, kennysheep_nub, moated_statue,
          hangedman_decor_points
D:7:      layout_basic, minmay_temple_entry_waves, uniq_prince_ribbit1
Temple:   hc_temple_tempest_star

Skill      XL: |  1  2  3  4  5  6  7  8  9 |
---------------+----------------------------+-----
Transmutations | 2 3 4 |  4.2
Spellcasting   | 5 6 |  6.6
Invocations    | 1 2 3 4 |  4.7
Fighting       | 1 2 3 4 |  4.2
Short Blades   | 1 2 3 4 |  4.2
Long Blades    | 1 2 3 4 |  4.2
Axes           | 1 2 3 4 |  4.2
Maces & Flails | 1 2 3 4 |  4.2
Polearms       | 1 2 3 4 |  4.2
Staves         | 1 2 3 4 |  4.2
Slings         | 1 2 3 4 |  4.2
Bows           | 1 2 3 4 |  4.2
Crossbows      | 1 2 3 4 |  4.2
Throwing       | 1 2 3 4 |  4.2
Armour         | 1 2 3 4 |  4.2
Shields        | 1 2 3 4 |  4.2
Unarmed Combat | 1 2 3 4 |  4.2
Evocations     | 1 2 3 4 |  4.2
Conjurations   | 1 2 3 |  3.5
Hexes          | 1 2 3 |  3.5
Summonings     | 1 2 3 |  3.5
Necromancy     | 1 2 3 |  3.5
Translocations | 1 2 3 |  3.5
Fire Magic     | 1 2 3 |  3.5
Ice Magic      | 1 2 3 |  3.5
Air Magic      | 1 2 3 |  3.5
Earth Magic    | 1 2 3 |  3.5
Dodging        | 5 6 |  6.3
Stealth        | 5 6 |  6.0
Poison Magic   | 6 |  6.5

Action                   |  1- 3 |  4- 6 |  7- 9 || total
-------------------------+-------+-------+-------++-------
Melee: Unarmed           |     2 |       |       ||     2
       Dagger            |    14 |    10 |    31 ||    55
       Hand axe          |       |    64 |   135 ||   199
       Bite              |       |     3 |    15 ||    18
       Punch             |       |       |     2 ||     2
 Cast: Sting             |    55 |   109 |    57 ||   221
       Poisonous Vapours |    13 |    60 |    50 ||   123
       Mephitic Cloud    |       |     2 |    15 ||    17
       Swiftness         |       |       |     2 ||     2
       Olgreb's Toxic Ra |       |       |     1 ||     1
  Use: Potion            |       |       |     1 ||     1
 Stab: Sleeping          |     1 |     1 |     2 ||     4
       Confused          |       |     1 |     3 ||     4
Armor: Robe              |     3 |    35 |       ||    38
       Leather armour    |       |       |    44 ||    44
Dodge: Dodged            |    30 |   146 |   171 ||   347
